 Dungeon Crawl Stone Soup version 0.18-a0-993-g4a3b7c7 (webtiles) character file.

220614 George the Fencer (level 18, -5/163 HPs)
             Began as a Minotaur Fighter on Jan 4, 2016.
             Was the Champion of the Shining One.
             Killed by the raging water
             ... invoked by a water nymph
              (19 damage)
             ... on level 4 of the Shoals.
             The game lasted 01:48:42 (36674 turns).

George the Fencer (Minotaur Fighter)               Turns: 36674, Time: 01:48:42

Health: -5/163     AC: 19    Str: 23    XL:     18   Next: 48%
Magic:  26/26      EV: 21    Int:  5    God:    the Shining One [******]
Gold:   3073       SH: 20    Dex: 20    Spells: 5 memorised, 8 levels left

rFire  + + +     SeeInvis .     l - +4 scimitar (elec)
rCold  + . .     Gourm    .     Z - +6 scale mail of the Kangaroo {+Inv rElec rF++ Str-5}
rNeg   + + +     Faith    .     W - +0 shield {reflect}
rPois  +         Spirit   .     e - -2 hat of the Alchemist {rElec rPois rF+ rC+ rN+ MR+ rMut rCorr}
rElec  +         Dismiss  .     v - +0 cloak {rPois}
rCorr  +         Reflect  +     I - +0 pair of gloves {Str+3}
rMut   +         Harm     .     k - +0 pair of boots of Uleq Deu {*Confuse rElec rN++ Slay+4 Stlth+}
SustAt .                        t - +5 amulet of reflection
MR     ++...                    C - ring "Coukhifa" {rF+ Dex+6}
Stlth  +.........               U - +4 ring of slaying

@: about to teleport, afraid, mesmerised, glowing, very resistant to hostile
enchantments, very unstealthy
A: retaliatory headbutt, horns 2
a: Divine Shield, Cleansing Flame, Summon Divine Warrior, Brand Weapon With Holy
Wrath, Renounce Religion, Evoke Invisibility
}: 1/15 runes: gossamer


You were on level 4 of the Shoals.
You worshipped the Shining One.
The Shining One was exalted by your worship.
You were not hungry.

You visited 6 branches of the dungeon, and saw 34 of its levels.
You also visited: Bailey and Volcano.

You collected 3792 gold pieces.
You spent 719 gold pieces at shops.

Inventory:

Hand Weapons
 l - a +4 scimitar of electrocution (weapon)
 y - a +3 scimitar of flaming
Missiles
 P - 5 throwing nets (quivered)
Armour
 e - the -2 hat of the Alchemist (worn) {rElec rPois rF+ rC+ rN+ MR+ rMut rCorr}
   (You found it on level 2 of the Shoals)

   It protects you from fire.
   It protects you from cold.
   It insulates you from electricity.
   It protects you from poison.
   It protects you from negative energy.
   It affects your resistance to hostile enchantments.
   It protects you from acid and corrosion.
   It protects you from mutation.
 k - the +0 pair of boots of Uleq Deu (worn) {*Confuse rElec rN++ Slay+4 Stlth+}
   (You acquired it on level 13 of the Dungeon)

   It affects your accuracy and damage with ranged weapons and melee attacks
   (+4).
   It insulates you from electricity.
   It greatly protects you from negative energy.
   It may confuse you when you take damage.
   It makes you more stealthy.
 v - a +0 cloak of poison resistance (worn)
 I - a +0 pair of gloves of strength (worn)
 W - a +0 shield of reflection (worn)
 Z - the +6 scale mail of the Kangaroo (worn) {+Inv rElec rF++ Str-5}
   (You took it off an orc on level 15 of the Dungeon)

   It affects your strength (-5).
   It greatly protects you from fire.
   It insulates you from electricity.
   It lets you turn invisible.
Jewellery
 t - a +5 amulet of reflection (around neck)
 z - an uncursed ring of protection from cold
 C - the ring "Coukhifa" (right hand) {rF+ Dex+6}
   (You found it on level 4 of the Shoals)

   [ring of protection from fire]

   It affects your dexterity (+6).
   It protects you from fire.
 S - an uncursed ring of protection from cold
 U - a +4 ring of slaying (left hand)
 Y - an uncursed ring of flight
Wands
 B - a wand of fireball (8/15)
 G - a wand of lightning (8/15)
 H - a wand of digging (13/24)
Scrolls
 c - a scroll of enchant armour
 g - 20 scrolls of remove curse
 m - 11 scrolls of enchant weapon
 n - 5 scrolls of immolation
 o - 5 scrolls of recharging
 p - a scroll of fog
 r - 16 scrolls of teleportation
 F - 2 scrolls of magic mapping
 J - 6 scrolls of blinking
 K - 2 scrolls of summoning
 M - a scroll of fear
 Q - 10 scrolls of identify
Potions
 d - 5 potions of might
 h - 6 potions of flight
 i - 16 potions of curing
 q - 2 potions of berserk rage
 u - 8 potions of haste
 E - 4 potions of agility
 L - a potion of heal wounds
 O - a potion of cure mutation
 R - 5 potions of magic
 T - 3 potions of resistance
 V - 2 potions of cancellation
 X - 3 potions of mutation
Miscellaneous
 a - 2 phantom mirrors
 s - a fan of gales
Comestibles
 f - 23 bread rations
 j - 6 slices of pizza
 w - 5 beef jerkies
 x - 15 meat rations
 A - 5 chunks of flesh
 D - 12 royal jellies
 N - 21 fruits


   Skills:
 + Level 15.5 Fighting
 + Level 20.4 Long Blades
 + Level 15.9 Armour
 + Level 13.5 Dodging
 + Level 15.4 Shields
 + Level 12.9 Invocations


You had 8 spell levels left.
You knew the following spells:

 Your Spells              Type           Power        Failure   Level  Hunger
a - Spectral Weapon       Hex/Chrm       #.......     100%        3    ####...
b - Summon Butterflies    Summ           #.......     88%         1    ##.....
c - Apportation           Tloc           #.........   88%         1    ##.....
d - Repel Missiles        Chrm/Air       #.....       97%         2    ###....
e - Blink                 Tloc           N/A          97%         2    ###....


Dungeon Overview and Level Annotations

Branches:
Dungeon (15/15)            Temple (1/1) D:6            Lair (8/8) D:8
 Shoals (4/4) Lair:3       Spider (4/4) Lair:5        Slime (0/6) Lair:7
    Orc (2/2) D:9             Elf (0/3) Orc:2        Vaults (0/5) D:13
 Depths (0/5) D:15

Altars:
Ashenzari
Cheibriados
Dithmenos
Elyvilon
Fedhas
Gozag
Kikubaaqudgha
Makhleb
Nemelex Xobeh
Okawaru
Pakellas
Qazlal
Ru
Sif Muna
Trog
Vehumet
Xom
Yredelemnul
Zin
The Shining One
Beogh
Jiyva

Shops:
D:5 =   D:10 [   Orc:2 }::!   Shoals:1 **   Shoals:2 (

Portals:
Hell: Lair:8

Annotations:
D:11 Sonja


Innate Abilities, Weirdness & Mutations

You reflexively headbutt those who attack you in melee.
You have a pair of horns on your head.


Message History

Moving in this stuff is going to be slow.
The snapping turtle bites you from afar.
* * * LOW HITPOINT WARNING * * *
A merfolk comes into view. It is wielding a trident.
The merfolk shouts!
A merfolk comes into view. It is wielding a trident.
The merfolk shouts!
Read which item? (? for menu, Esc to quit)
As you read the scroll of teleportation, it crumbles to dust.
You feel strangely unstable.
The siren chants its luring song.
The satyr plays a frightful melody on his pipes!
The satyr radiates an aura of fear!
You are terrified of the satyr!
You block the sea snake's attack.
The merfolk hits you from afar with a trident!
* * * LOW HITPOINT WARNING * * *
The water nymph casts a spell at you. The water swirls and strikes you!
You die...

....≈≈≈≈≈#≈≈≈≈≈≈≈#
##.≈≈≈≈≈###≈#≈#≈# ≈≈≈≈
##≈≈≈≈≈≈##≈≈=≈≈## .≈≈≈≈
##≈≈≈≈≈##≈#≈#≈≈# .≈≈≈≈≈
##≈..≈#≈≈≈≈(≈≈##.≈≈≈≈≈
#≈....#).≈≈≈≈##≈.≈≈≈≈≈
#≈....)#######.....≈≈≈
#≈.......#.≈(#......≈≈
##...........@≈......≈
#..........Sm≈)(....≈
≈........≈(≈tm≈(<....≈
#≈.........≈≈≈≈†).....≈
≈≈≈.......≈≈≈.).)....(.
≈.≈≈≈≈...c.≈≈≈≈..........
≈ ≈≈≈...mm...(..m.......
# ###..S............... #
#................PP


You could see a satyr, 2 sea snakes, a snapping turtle (roused), 3 merfolk, a
water nymph (roused) and a siren (roused).

Vanquished Creatures
  Nikola (Spider:2)
  Rupert (D:14)
  2 krakens
  Frances (Spider:1)
  Gastronok (D:11)
  Ilsuiw (Shoals:3)
  5 ghost moths
  Donald (Shoals:2)
  9 emperor scorpions
  Louise (Spider:1)
  Nessos (D:14)
  2 spark wasps
  2 merfolk javelineers (Shoals:4)
  Snorg (D:11)
  10 merfolk impalers
  An ettin (D:15)
  6 hydras
  2 entropy weavers
  5 merfolk aquamancers
  2 merfolk avatars
  A queen ant (Spider:2)
  6 orc high priests
  2 tengu warriors (D:15)
  The ghost of WhatIsLove the Reanimator, a novice DsAs (D:8)
  2 wizards
  A deep troll (D:15)
  2 unseen horrors
  18 sea snakes
  7 hill giants
  10 orc knights
  A necromancer (D:13)
  11 orb spiders
  6 harpies
  31 wolf spiders
  2 ugly things
  A sixfirhy (Lair:8)
  7 orc sorcerers
  5 hornets (Spider:4)
  5 fauns (Shoals:2)
  9 manticores
  6 water nymphs
  4 cyclopes
  12 griffons
  3 sirens
  7 black mambas
  35 elephants
  2 torpor snails (Lair:7)
  A gargoyle (D:12)
  A smoke demon (Lair:8)
  2 orange demons (Lair:8)
  3 toenail golems (Volcano)
  2 molten gargoyles (Volcano)
  13 spiny frogs
  A kobold demonologist (D:15)
  7 komodo dragons
  2 ice devils (Lair:8)
  16 demonic crawlers
  7 fire drakes
  An efreet (Volcano)
  A hellwing (Lair:8)
  6 red devils
  A tengu conjurer (D:15)
  21 merfolk
  A freezing wraith (D:15)
  3 two-headed ogres
  36 jumping spiders
  2 trolls (D:13)
  A slime creature (D:11)
  2 wind drakes
  The ghost of WhatIsLove the Insei, an amateur DsAs (D:4)
  3 boulder beetles
  11 snapping turtles
  15 blink frogs
  A trapdoor spider zombie (D:13)
  A centaur simulacrum (D:13)
  25 trapdoor spiders
  59 redbacks
  39 tarantellas
  10 water elementals
  76 yaks
  A wraith (D:15)
  3 wyverns
  A steam dragon (shapeshifter) (D:14)
  7 basilisks
  Grum (D:11)
  7 vampire mosquitoes
  3 hungry ghosts
  Menkaure (D:6)
  9 hippogriffs
  A steam dragon (D:13)
  18 wolves
  A mottled dragon (D:14)
  A warg (Orc:2)
  2 hell hounds
  19 water moccasins
  31 orc warriors
  4 porcupines
  8 soldier ants (Spider:2)
  4 ice beasts
  2 sky beasts
  A wasp (D:13)
  3 necrophages
  A phantom (D:9)
  A tengu (shapeshifter) (D:15)
  6 ogres
  6 centaurs
  10 crocodiles
  3 big kobolds
  14 giant frogs
  3 gnoll sergeants (D:7)
  5 scorpions
  9 killer bees
  5 electric eels
  11 wights
  11 crimson imps
  7 hounds
  4 centaur zombies
  8 jellies
  18 orc priests
  6 centaur skeletons
  A gnoll shaman (D:7)
  2 giant frog skeletons
  8 iguanas
  28 orc wizards
  5 hell rats
  15 worker ants
  39 sheep
  A hound zombie (D:11)
  4 hound skeletons
  A worker ant zombie (D:11)
  30 gnolls
  17 adders
  101 river rats
  2 shadow imps
  6 oozes
  An adder skeleton (D:5)
  4 worms (D:2)
  7 giant geckos
  81 orcs
  3 giant cockroaches
  23 hobgoblins
  18 jackals
  2 quokkas
  A ball python zombie (D:5)
  3 bats
  5 giant newts
  9 goblins
  26 kobolds
  2 quokka skeletons (D:4)
  11 rats
  A fungus (Lair:6)
  5 plants
  9 tentacles
1350 creatures vanquished.

Vanquished Creatures (collateral kills)
  Arachne (Spider:2)
  A merfolk impaler (Shoals:4)
  A wolf spider (Spider:2)
  A trapdoor spider (Spider:2)
  2 tarantellas (Spider:2)
  9 soldier ants (Spider:2)
  8 worker ants (Spider:2)
23 creatures vanquished.

Vanquished Creatures (others)
  A merfolk javelineer (Shoals:4)
  A merfolk (Shoals:1)
  A centaur (Shoals:2)
  A river rat (Lair:5)
  31 fungi
  25 plants
  10 tentacles
  232 tentacle segments
302 creatures vanquished.

Grand Total: 1675 creatures vanquished

Notes
Turn   | Place    | Note
--------------------------------------------------------------
     0 | D:1      | George the Minotaur Fighter began the quest for the Orb.
     0 | D:1      | Reached XP level 1. HP: 19/19 MP: 0/0
   102 | D:1      | Reached XP level 2. HP: 23/26 MP: 1/1
   597 | D:1      | Reached skill level 4 in Long Blades
   732 | D:2      | Reached XP level 3. HP: 13/31 MP: 2/2
   925 | D:2      | Reached skill level 5 in Long Blades
  1157 | D:2      | Reached XP level 4. HP: 31/39 MP: 3/3
  1271 | D:2      | Reached skill level 6 in Long Blades
  1434 | D:2      | Found a faded altar to an unknown god.
  1447 | D:2      | Reached XP level 5. HP: 32/45 MP: 4/4
  1911 | D:3      | Found a blossoming altar of Fedhas.
  2112 | D:3      | Found a stormy altar of Qazlal.
  2118 | D:3      | Found an oddly glowing altar of Pakellas.
  2258 | D:4      | Reached skill level 7 in Long Blades
  2348 | D:4      | Noticed WhatIsLove's ghost (amateur DsAs)
  2416 | D:4      | Killed WhatIsLove's ghost
  2416 | D:4      | Reached skill level 8 in Long Blades
  2416 | D:4      | Reached XP level 6. HP: 49/51 MP: 5/5
  2803 | D:4      | Reached skill level 9 in Long Blades
  2951 | D:4      | Reached XP level 7. HP: 49/57 MP: 6/6
  3322 | D:4      | Found a burning altar of Makhleb.
  3323 | D:4      | Found a radiant altar of Vehumet.
  3451 | D:5      | Entered Level 5 of the Dungeon
  3527 | D:5      | Reached skill level 10 in Long Blades
  3957 | D:5      | Found a shimmering altar of Xom.
  4027 | D:5      | Found Sedidet's Jewellery Emporium.
  4085 | D:5      | Reached skill level 11 in Long Blades
  4085 | D:5      | Reached XP level 8. HP: 64/64 MP: 7/7
  4622 | D:6      | Reached skill level 12 in Long Blades
  4644 | D:6      | Found a blossoming altar of Fedhas.
  4683 | D:7      | Found a snail-covered altar of Cheibriados.
  4761 | D:6      | Found a basalt altar of Yredelemnul.
  4823 | D:6      | Found a staircase to the Ecumenical Temple.
  4845 | D:6      | Noticed Menkaure
  4856 | Temple   | Entered the Ecumenical Temple
  4864 | D:6      | Killed Menkaure
  4942 | D:6      | Found a white marble altar of Elyvilon.
  5212 | D:7      | Reached skill level 13 in Long Blades
  5466 | D:7      | Reached XP level 9. HP: 49/70 MP: 5/8
  5865 | D:7      | Reached skill level 14 in Long Blades
  6647 | D:8      | Reached skill level 15 in Long Blades
  6660 | D:8      | Noticed WhatIsLove's ghost (novice DsAs)
  6677 | D:8      | Killed WhatIsLove's ghost
  6677 | D:8      | Reached skill level 5 in Fighting
  6677 | D:8      | Reached skill level 5 in Armour
  6677 | D:8      | Reached skill level 5 in Shields
  6765 | D:8      | Found a staircase to the Lair.
  6811 | D:8      | Reached XP level 10. HP: 36/81 MP: 4/9
  7530 | D:9      | Found a staircase to the Orcish Mines.
  7558 | D:9      | Found a roughly hewn altar of Beogh.
  8064 | D:9      | Found a glowing golden altar of the Shining One.
  8064 | D:9      | Found a shattered altar of Ashenzari.
  8067 | D:9      | Became a worshipper of the Shining One
  8118 | D:10     | Entered Level 10 of the Dungeon
  8371 | D:10     | Reached skill level 1 in Dodging
  8371 | D:10     | Reached skill level 1 in Invocations
  8455 | D:10     | Found Oraus's Antique Armour Boutique.
  8455 | D:10     | Noticed a hill giant
  8471 | D:10     | Killed a hill giant
  8549 | D:10     | Reached XP level 11. HP: 75/92 MP: 11/11
  8591 | D:10     | Noticed an unseen horror
  8600 | D:10     | Killed an unseen horror
  8901 | D:11     | Reached * piety under the Shining One
  9033 | D:11     | Learned a level 3 spell: Spectral Weapon
  9143 | D:11     | Noticed a hill giant
  9152 | D:11     | Killed a hill giant
  9278 | D:11     | Reached skill level 16 in Long Blades
  9382 | D:11     | Noticed Snorg
  9402 | D:11     | Killed Snorg
  9418 | D:11     | Noticed Gastronok
  9432 | D:11     | Killed Gastronok
  9784 | D:11     | Reached ** piety under the Shining One
  9868 | D:11     | Noticed an unseen horror
  9884 | D:11     | Killed an unseen horror
  9912 | D:11     | Noticed Sonja
 10493 | D:11     | Noticed Grum
 10517 | D:11     | Killed Grum
 10674 | D:12     | Reached XP level 12. HP: 91/104 MP: 12/14
 10736 | D:12     | Reached skill level 5 in Dodging
 10944 | D:12     | Reached skill level 5 in Invocations
 11627 | Lair:1   | Entered Level 1 of the Lair of Beasts
 11772 | Lair:1   | Reached *** piety under the Shining One
 11985 | Lair:1   | Reached skill level 10 in Armour
 12232 | Lair:1   | Reached skill level 10 in Fighting
 12756 | Lair:2   | Reached XP level 13. HP: 101/113 MP: 16/16
 12809 | Lair:2   | Reached skill level 17 in Long Blades
 13553 | Lair:3   | Found a dark tunnel.
 13564 | Volcano  | Entered a volcano
 13749 | Volcano  | Found a radiant altar of Vehumet.
 13779 | Volcano  | Reached skill level 10 in Shields
 14379 | Lair:3   | Reached **** piety under the Shining One
 14562 | Lair:3   | Found a staircase to the Shoals.
 16019 | Lair:5   | Learned a level 1 spell: Summon Butterflies
 16021 | Lair:5   | Learned a level 1 spell: Apportation
 16088 | Lair:5   | Found a hole to the Spider Nest.
 16513 | Lair:5   | Identified Gibuynti's Papyrus of Cloudy Enchantment
 16517 | Lair:5   | Learned a level 2 spell: Repel Missiles
 17490 | Lair:7   | Reached XP level 14. HP: 124/124 MP: 17/19
 18442 | Lair:7   | Identified a scroll of acquirement
 18496 | Lair:7   | Reached ***** piety under the Shining One
 18672 | Lair:7   | Found a viscous altar of Jiyva.
 18673 | Lair:7   | Found a staircase to the Slime Pits.
 18981 | Lair:8   | Entered Level 8 of the Lair of Beasts
 19066 | Lair:8   | Reached skill level 18 in Long Blades
 19823 | Lair:8   | Found a burning altar of Makhleb.
 20088 | Lair:8   | Found a gateway to Hell.
 20194 | Lair:8   | Reached skill level 10 in Dodging
 20394 | Orc:1    | Entered Level 1 of the Orcish Mines
 20670 | Orc:2    | Entered Level 2 of the Orcish Mines
 20671 | Orc:2    | Paralysed by an orc sorcerer for 6 turns
 20756 | Orc:2    | Paralysed by an orc sorcerer for 4 turns
 20820 | Orc:2    | Reached XP level 15. HP: 122/133 MP: 21/21
 21546 | Orc:2    | Found a staircase to the Elven Halls.
 22012 | Orc:2    | Reached ****** piety under the Shining One
 22358 | Orc:2    | Found Iva Wih's Book Shoppe.
 22386 | Orc:2    | Found Peugg's Distillery.
 22408 | Orc:2    | Found Adomnoes's Book Shop.
 22410 | Orc:2    | Found Nishrieki's Gadget Shoppe.
 22618 | D:13     | Found a gate to the Vaults.
 22662 | D:13     | Found a flagged portal.
 22692 | Bailey   | Entered a bailey
 22848 | Bailey   | Found an iron altar of Okawaru.
 23487 | D:13     | Got a pair of smoking boots
 23498 | D:13     | Identified the +0 pair of boots of Uleq Deu {*Confuse rElec rN++ Slay+4 Stlth+} (You acquired it on level 13 of the Dungeon)
 24105 | D:13     | Reached skill level 10 in Invocations
 24398 | D:14     | Noticed Rupert
 24411 | D:14     | Killed Rupert
 24518 | D:14     | Noticed Nessos
 24536 | D:14     | Killed Nessos
 24650 | D:15     | Entered Level 15 of the Dungeon
 24670 | D:15     | Found a staircase to the Depths.
 24973 | D:15     | Got a steaming scale mail
 24985 | D:15     | Identified the +6 scale mail of the Kangaroo {+Inv rElec rF++ Str-5} (You took it off an orc on level 15 of the Dungeon)
 25983 | Spider:1 | Entered Level 1 of the Spider Nest
 26092 | Spider:1 | Noticed Frances
 26101 | Spider:1 | Killed Frances
 26158 | Spider:1 | Reached XP level 16. HP: 144/144 MP: 22/22
 26395 | Spider:1 | Noticed Louise
 26430 | Spider:1 | Killed Louise
 26512 | Spider:1 | Reached skill level 19 in Long Blades
 27426 | Spider:2 | Noticed Nikola
 27446 | Spider:2 | Killed Nikola
 27620 | Spider:2 | Noticed Arachne
 27644 | Spider:2 | Killed Arachne
 29209 | Spider:4 | Entered Level 4 of the Spider Nest
 29442 | Spider:4 | Reached XP level 17. HP: 147/152 MP: 24/24
 30442 | Spider:4 | Reached skill level 15 in Armour
 31055 | Spider:4 | Got a gossamer rune of Zot
 31461 | D:5      | Bought a +5 amulet of reflection for 325 gold pieces
 31653 | Shoals:1 | Entered Level 1 of the Shoals
 31776 | Shoals:1 | Found Doigan's Assorted Antiques.
 31777 | Shoals:1 | Found Ilock's Assorted Antiques.
 31790 | Shoals:1 | Bought a potion of heal wounds for 125 gold pieces
 31790 | Shoals:1 | Bought a fizzy purple potion for 22 gold pieces
 31921 | Shoals:1 | Noticed a kraken
 32001 | Shoals:1 | Killed a kraken
 32331 | Shoals:1 | Bought a scroll of blinking for 247 gold pieces
 32518 | Shoals:1 | Reached skill level 20 in Long Blades
 32889 | Shoals:2 | Found Feehal's Antique Weapon Shop.
 32919 | Shoals:2 | Learned a level 2 spell: Blink
 32948 | Shoals:2 | Noticed a kraken
 32963 | Shoals:2 | Killed a kraken
 32963 | Shoals:2 | Reached skill level 15 in Fighting
 32969 | Shoals:2 | Noticed Donald
 32983 | Shoals:2 | Killed Donald
 33806 | Shoals:3 | Reached XP level 18. HP: 163/163 MP: 26/26
 34338 | Shoals:4 | Entered Level 4 of the Shoals
 34540 | Shoals:4 | Reached skill level 15 in Shields
 34673 | Shoals:4 | HP: 8/163 [merfolk impaler/trident of freezing (6)]
 34674 | Shoals:4 | HP: 2/163 [merfolk impaler/trident of venom (9)]
 35821 | Shoals:4 | Noticed Ilsuiw
 36401 | Shoals:3 | Killed Ilsuiw
 36600 | Shoals:4 | Got a scorched lapis lazuli ring
 36602 | Shoals:4 | Identified the ring "Coukhifa" {rF+ Dex+6} (You found it on level 4 of the Shoals)
 36672 | Shoals:4 | HP: 2/163 [satyr/steel sling bullet (30)]
 36674 | Shoals:4 | Killed from afar by a water nymph

Vault maps used:
D:1:      dpeg_arrival_ratfight
D:2:      ecumenical_altar_2
D:3:      wad_pebble_path, amethyst_overflow_temple_binary, first_bread,
          hangedman_decor_clover_reticule, fedhas_altar_1
D:4:      grunt_temple_overflow_lords_of_destruction, kennysheep_generic_room_13
D:5:      lemuel_round_altar, serial_shops, kennysheep_mini_moat
D:6:      kennysheep_ying_yang, nicolae_overflow_hidden_temple,
          minmay_temple_entry_purple_smoke, uniq_menkaure
D:7:      kennysheep_housing_project, old_standard_altar
D:8:      lair_0_dummy
D:9:      gammafunk_temple_overflow_elements, minmay_orc_entry_temple_small
D:10:     serial_shops, kennysheep_little_box
D:11:     hangedman_little_slice_of_home, uniq_gastronok, uniq_grum, uniq_sonja,
          uniq_snorg
D:13:     david_vaults_1, enter_bailey_2
D:14:     uniq_nessos, uniq_rupert
D:15:     hangedman_depths_entry_civil_slaughter, nrook_mini_backslash
Temple:   nicolae_temple_no_exploring_needed
Lair:1:   mu_elephants_graveyard
Lair:2:   patterned_corridor, infiniplex_staircase_pool_2
Lair:3:   elwin_shoals_entry_rooms, nicolae_volcano_entry_vermiform,
          lab_entry_generic
Lair:4:   lemuel_fruit_fields
Lair:5:   nicolae_spider_entry_tight_spaces
Lair:7:   dpeg_slime_entry_enclosed_altar, grunt_megastairs_3,
          infiniplex_staircase_pool
Lair:8:   evil_forest, serial_bayou_pond_c
Shoals:1: serial_shops, nicolae_shop_overgrown_old_shop,
          nicolae_shop_overgrown_old_shop, nicolae_shoals_kraken_intersection
Shoals:2: serial_shops, shop, uniq_donald
Shoals:4: shoals_end_grunt_ice, shoal_ilsuiw, nicolae_shoals_cliffside_cave
Spider:1: uniq_louise, uniq_frances
Spider:2: spider_trap, zaba_antful_of_joy, nicolae_spider_cling_halls,
          uniq_arachne, uniq_nikola
Spider:3: spider_trap
Spider:4: grunt_spider_rune_parallel, spider_trap, nicolae_crawler_farm
Orc:2:    st_orc_elflike, guppyfry_orc_lava_fort
Bailey:   bailey_axe_of_yendor_kennysheep, bailey
Volcano:  volcano_lake

Action                   |  1- 3 |  4- 6 |  7- 9 | 10-12 | 13-15 | 16-18 || total
-------------------------+-------+-------+-------+-------+-------+-------++-------
Melee: Long sword        |    74 |   173 |   270 |       |       |       ||   517
       Scimitar          |       |       |   240 |   874 |  1708 |  1239 ||  4061
Invok: Divine Shield     |       |       |       |       |     1 |     3 ||     4
       Summon Divine War |       |       |       |       |       |     2 ||     2
 Abil: Evoke Flight      |       |       |       |       |       |     1 ||     1
Evoke: Wand              |       |       |       |    14 |       |     3 ||    17
  Use: Potion            |     1 |       |       |     1 |       |     5 ||     7
       Scroll            |       |     1 |     7 |    17 |     9 |     5 ||    39
  Eat: Chunk             |     1 |     6 |    13 |    33 |    44 |    25 ||   122
       Royal jelly       |       |       |       |     2 |       |     1 ||     3
